 Dungeon Crawl Stone Soup version 0.30-a0-374-g95c0257040 (webtiles) character file.

Game seed: 9759416555734132108

5172 Ottie3000 the Protected (level 10, -16/86 HPs)
             Began as a Minotaur Fighter on Nov 26, 2022.
             Was a Follower of Qazlal.
             Demolished by an orc wizard
             ... wielding a +2 dagger of electrocution
              (17 damage)
             ... on level 1 of the Orcish Mines.
             The game lasted 02:33:51 (11983 turns).

Ottie3000 the Protected (Minotaur Fighter)         Turns: 11983, Time: 02:33:57

Health: -16/86     AC: 21    Str: 28    XL:     10   Next: 34%
Magic:  9/9        EV:  7    Int:  7    God:    Qazlal [*.....]
Gold:   207        SH: 17    Dex: 14    Spells: 6/9 levels left

rFire   . . .      SeeInvis .    J - +6 long sword "Widowermaker" {freeze, Dex+3}
rCold   . . .      Faith    .    M - +0 tower shield
rNeg    . . .      Spirit   .    p - +0 chain mail
rPois   .          Reflect  .    (helmet restricted)
rElec   .          Harm     .    z - +0 cloak
rCorr   .          Rampage  .    o - +2 pair of gloves
Will    .....      Clarity  +    (no boots)
Stlth   ..........               (no amulet)
HPRegen 0.34/turn                x - +4 ring of protection
MPRegen 0.11/turn                k - +6 ring of strength

@: mighty
A: horns 2, retaliatory headbutt, clarity, wild magic 1
a: Renounce Religion


You were on level 1 of the Orcish Mines.
You worshipped Qazlal.
Qazlal was aware of your devotion.
You visited 3 branches of the dungeon, and saw 11 of its levels.
You also visited: Ossuary.

You collected 456 gold pieces.
You spent 249 gold pieces at shops.

Inventory:

Hand Weapons
 d - a +4 dagger of venom
 h - a +4 halberd
 u - a +2 dagger of flaming
 w - a +3 long sword of freezing
 G - a +0 mace of protection
 J - the +6 long sword "Widowermaker" (weapon) {freeze, Dex+3}
   (You found it on level 8 of the Dungeon)

   It freezes those it strikes, dealing additional cold damage.
   It can also slow down cold-blooded creatures.
   Dex:       It affects your dexterity (+3).
Missiles
 g - 13 poisoned darts
 l - 5 atropa-tipped darts
Armour
 b - a +0 scale mail
 o - a +2 pair of gloves (worn)
 p - a +0 chain mail (worn)
 z - a +0 cloak (worn)
 D - +0 acid dragon scales
 I - a +0 animal skin
 M - a +0 tower shield (worn)
Jewellery
 j - a ring of wizardry
 k - a +6 ring of strength (right hand)
 x - a +4 ring of protection (left hand)
 B - a +4 ring of protection
 C - a ring of magical power
 E - a ring of willpower
Wands
 a - a wand of roots (6)
 F - a wand of flame (25)
 H - a wand of charming (5) (quivered)
Scrolls
 c - 3 scrolls of identify
 e - a scroll of brand weapon
 f - a scroll of magic mapping
 m - a scroll of immolation
 n - 3 scrolls of fear
 r - 3 scrolls of teleportation
 s - 2 scrolls of butterflies
 y - a scroll of blinking
 A - a scroll of poison {unknown}
Potions
 i - 2 potions of attraction
 t - 3 potions of ambrosia {unknown}
 v - 2 potions of cancellation {unknown}
 K - a potion of degeneration {unknown}
 L - a potion of brilliance


   Skills:
 + Level 7.3 Fighting
 + Level 7.7(7.8) Short Blades
 + Level 1.5(5.5) Long Blades
 + Level 4.6 Axes
 + Level 1.7 Throwing
 + Level 11.0 Armour
 + Level 4.8 Dodging
 + Level 2.6 Stealth
 + Level 7.4 Shields
 + Level 1.0 Evocations


You had 6 spell levels left.
You knew the following spells:

 Your Spells              Type           Power      Damage    Failure   Level
a - Apportation           Tloc           0%         N/A       100%        1
b - Kiss of Death         Conj/Necr      0%         2d5       100%        1
c - Magic Dart            Conj           0%         1d3       100%        1

Your spell library contained the following spells:

 Spells                   Type           Power      Damage    Failure   Level
 Searing Ray              Conj           0%         2d4       100%        2
 Confusing Touch          Hex            0%         N/A       100%        3
 Gell's Gravitas          Tloc           0%         N/A       100%        3
 Ignite Poison            Fire/Tmut/Pois 0%         N/A       100%        3
 Kindle Blastsparks       Fire/Tloc/Air  0%         2d10      100%        3
 Teleport Other           Tloc           0%         N/A       100%        3
 Dispel Undead            Necr           0%         3d6       100%        4
 Fulminant Prism          Conj/Hex       0%         3d5       100%        4
 Alistair's Intoxication  Tmut/Pois      0%         N/A       100%        5
 Freezing Cloud           Conj/Ice/Air   0%         6-21      100%        5
 Dispersal                Tloc           0%         N/A       100%        6


Dungeon Overview and Level Annotations

Branches:
Dungeon (9/15)             Temple (1/1) D:7            Lair (0/5) D:9
    Orc (1/2) D:9         Ossuary (visited)

Altars:
Ashenzari
Cheibriados
Dithmenos
Elyvilon
Fedhas
Gozag
Hepliaklqana
Kikubaaqudgha
Makhleb
Nemelex Xobeh
Okawaru
Qazlal
Ru
Sif Muna
Trog
Uskayaw
Vehumet
Wu Jian
Xom
Yredelemnul
Zin
The Shining One

Shops:
D:3 (   D:5 *   D:8 (

Annotations:
D:6 1 runed translucent door


Innate Abilities, Weirdness & Mutations

You have a pair of horns on your head.
You reflexively headbutt those who attack you in melee.
You possess an exceptional clarity of mind.
Your spells are a little harder to cast, but a little more powerful.


Message History

You block the orc warrior's attack.
Aiming: Charm
Press: ? - help, Q - select action, (/) - cycle Shift-Dir - straight line, f - orc wizard
Aim: an orc wizard, wielding a +0 dagger and wearing a +0 robe (chance to affect: 50%)
The orc wizard is charmed.
You block the orc priest's attack. You block the orc warrior's attack.
The orc is engulfed in freezing vapours.
You kill the orc!
Qazlal accepts your kill.
The orc warrior hits your orc wizard with a +0 short sword.
You slash the orc! You freeze the orc.
You kill the orc!
Qazlal accepts your kill.
The orc priest looks encouraged for a moment.
You hear some strange, mumbled words.
A puff of flame appears from out of thin air!
The puff of flame hits you!
Your orc wizard hits the orc priest with a +0 dagger.
The orc warrior hits you from afar with a +0 glaive!
The orc warrior closely misses your orc wizard.
Something hits you but does no damage.
You are electrocuted!!
* * * LOW HITPOINT WARNING * * *
You block the orc's attack.
The orc warrior hits you but does no damage.
The orc hits your orc wizard with a +0 hand axe.
You feel very mighty all of a sudden. You block the orc priest's attack.
Something hits you but does no damage.
Your orc wizard barely misses the orc priest.
The orc warrior completely misses you. You block the orc's attack.
The orc warrior barely misses you. You furiously retaliate!
You headbutt the orc warrior!
The orc hits your orc wizard with a +0 hand axe.
You closely miss the orc warrior. You headbutt the orc warrior!
You kill the orc warrior!
Qazlal accepts your kill.
The orc priest mumbles some strange prayers to Beogh against you.
Beogh smites you!
* * * LOW HITPOINT WARNING * * *
Something hits you but does no damage.
You are electrocuted!
You die...

..#.........#
.....>.....$#
............#
.......$...##
........))..#
#..........#
##....o)o..#
#...#..)o{.#
#.....<)@o##
........#o.#
.#.......o..#
..$........##
............
.#.#........#
#...#.......#
............#


You could see an orc warrior, an orc priest, 3 orcs and a friendly orc wizard
(charmed).

Vanquished Creatures
  Joseph (D:7)
  The ghost of sifdire the Skirmisher, a novice GrHu (D:6)
  A hornet (D:8)
  A wyvern (D:8)
  Grum (D:8)
  2 water moccasins (D:7)
  An acid dragon (D:8)
  6 orc warriors
  A sky beast (D:6)
  2 ice beasts
  2 ogres
  4 wolves (D:8)
  2 phantoms
  A necrophage (D:4)
  6 bullfrogs
  2 scorpions (D:5)
  12 wights
  A howler monkey (D:6)
  7 hounds
  A jelly (D:4)
  3 gnoll boudas
  3 orc priests
  2 iguanas
  A scorpion zombie (D:4)
  4 orc wizards
  A hound skeleton (D:4)
  15 gnolls
  6 adders
  An ufetubus (D:5)
  An adder zombie (D:4)
  2 adder skeletons (D:4)
  5 dart slugs
  30 orcs
  8 ball pythons
  3 bats
  6 endoplasms
  5 giant cockroaches
  4 goblins
  8 hobgoblins
  8 jackals
  4 kobolds
  4 quokkas
  4 frilled lizards (D:1)
  A gnoll skeleton (Ossuary)
  A goblin skeleton (Ossuary)
  4 goblin zombies
  A hobgoblin skeleton (Ossuary)
  A hobgoblin zombie (Ossuary)
  2 kobold skeletons (Ossuary)
  2 kobold zombies (Ossuary)
  3 orc zombies (Ossuary)
  8 rats
  3 rat skeletons (Ossuary)
  A rat zombie (D:7)
210 creatures vanquished.

Vanquished Creatures (collateral kills)
  An orc warrior (D:9)
  2 orc priests (D:9)
  5 orcs (D:9)
8 creatures vanquished.

Vanquished Creatures (others)
  An orc warrior (D:9)
  39 fungi (D:9)
  54 plants
  4 withered plants (D:4)
98 creatures vanquished.

Grand Total: 316 creatures vanquished

Notes
Turn   | Place    | Note
-------+----------+-------------------------------------------
     0 | D:1      | Ottie3000 the Minotaur Fighter began the quest for the Orb.
     0 | D:1      | Reached XP level 1. HP: 19/19 MP: 0/0
   451 | D:1      | Reached XP level 2. HP: 27/27 MP: 1/1
   850 | D:1      | Reached skill level 4 in Armour
  1520 | D:2      | Noticed an ogre
  1526 | D:2      | Killed an ogre
  1527 | D:2      | Reached XP level 3. HP: 3/33 MP: 2/2
  1527 | D:2      | Reached XP level 4. HP: 4/40 MP: 3/3
  1956 | D:2      | Gained mutation: You have a pair of large horns on your
                  | head. [potion of mutation]
  1956 | D:2      | Gained mutation: You passively map a small area around you.
                  | [potion of mutation]
  1956 | D:2      | Gained mutation: Your muscles are strong. (Str +4, Int/Dex
                  | -1) [potion of mutation]
  1960 | D:2      | HP: 3/61 [poisoned by a goblin]
  1963 | D:2      | HP: 1/61 [poisoned by a goblin]
  2324 | D:2      | Found a faded altar of an unknown god.
  2626 | D:3      | Found Ibrumn's Weapon Emporium.
  2704 | D:3      | Reached skill level 1 in Throwing
  2704 | D:3      | Reached XP level 5. HP: 42/47 MP: 4/4
  2788 | D:3      | Learned a level 1 spell: Apportation
  3477 | D:4      | You fall into a shaft and drop 3 floors!
  3670 | D:7      | Reached skill level 1 in Dodging
  3786 | D:7      | Reached XP level 6. HP: 27/53 MP: 5/5
  3935 | D:7      | Found a sand-covered staircase.
  3943 | Ossuary  | Entered an ossuary
  4112 | D:7      | Noticed a water moccasin
  4120 | D:7      | Killed a water moccasin
  4121 | D:7      | Reached skill level 1 in Short Blades
  4121 | D:7      | Reached skill level 5 in Armour
  4323 | D:5      | Entered Level 5 of the Dungeon
  4391 | D:5      | Reached XP level 7. HP: 51/60 MP: 6/6
  4627 | D:5      | Reached skill level 6 in Armour
  4703 | D:4      | Lost mutation: You passively map a small area around you.
                  | [potion of mutation]
  4703 | D:4      | Lost mutation: You have a pair of large horns on your head.
                  | [potion of mutation]
  4703 | D:4      | Lost mutation: Your muscles are strong. (Str +4, Int/Dex
                  | -1) [potion of mutation]
  4703 | D:4      | Gained mutation: You are agile. (Dex +4, Str/Int -1)
                  | [potion of mutation]
  4703 | D:4      | Gained mutation: You have a pair of large horns on your
                  | head. [potion of mutation]
  4703 | D:4      | Gained mutation: You possess an exceptional clarity of
                  | mind. [potion of mutation]
  4730 | D:4      | Reached skill level 1 in Stealth
  4730 | D:4      | Reached skill level 5 in Shields
  5910 | D:4      | Found a stormy altar of Qazlal.
  5910 | D:4      | Found a glowing golden altar of the Shining One.
  5911 | D:4      | Found a shimmering blue altar of Sif Muna.
  5913 | D:4      | Found a hide-covered altar of Uskayaw.
  5913 | D:4      | Found a blossoming altar of Fedhas.
  6082 | D:4      | Became a worshipper of Qazlal Stormbringer
  6510 | D:5      | Reached XP level 8. HP: 64/67 MP: 7/7
  6705 | D:5      | Reached skill level 5 in Fighting
  6705 | D:5      | Reached skill level 7 in Armour
  6886 | D:5      | Reached skill level 5 in Short Blades
  7415 | D:5      | Found Cieklug's General Store.
  7437 | D:5      | Bought 6 poisoned darts for 33 gold pieces
  7865 | D:6      | Reached skill level 8 in Armour
  7954 | D:6      | Reached XP level 9. HP: 35/74 MP: 8/8
  8316 | D:6      | Found a runed translucent door.
  8329 | D:6      | Learned a level 1 spell: Kiss of Death
  8330 | D:6      | Noticed sifdire's ghost (novice GrHu)
  8382 | D:6      | Found a runed translucent door.
  8406 | D:6      | Reached skill level 9 in Armour
  8432 | D:6      | Killed sifdire's ghost
  8600 | D:6      | Reached * piety under Qazlal
  9202 | D:7      | Found a staircase to the Ecumenical Temple.
  9311 | Temple   | Entered the Ecumenical Temple
  9686 | D:7      | Noticed Joseph
  9696 | D:7      | Killed Joseph
  9697 | D:7      | Reached skill level 10 in Armour
 10685 | D:8      | Found Kybapaun's Antique Weapon Boutique.
 10702 | D:8      | Bought a runed mace for 216 gold pieces
 10813 | D:8      | Reached XP level 10. HP: 80/84 MP: 9/9
 10814 | D:8      | Noticed Grum
 10833 | D:8      | Killed Grum
 10957 | D:8      | Identified the +6 long sword "Widowermaker" {freeze, Dex+3}
 11150 | D:8      | Learned a level 1 spell: Magic Dart
 11373 | D:8      | Lost mutation: You are agile. (Dex +4, Str/Int -1) [potion
                  | of mutation]
 11373 | D:8      | Lost mutation: You have a pair of large horns on your head.
                  | [potion of mutation]
 11373 | D:8      | Gained mutation: Your spells are a little harder to cast,
                  | but a little more powerful. [potion of mutation]
 11499 | D:9      | Found a staircase to the Orcish Mines.
 11856 | D:9      | Reached skill level 11 in Armour
 11933 | D:9      | Reached skill level 1 in Long Blades
 11933 | D:9      | Reached skill level 1 in Evocations
 11963 | Orc:1    | Entered Level 1 of the Orcish Mines
 11983 | Orc:1    | HP: 1/86 [orc priest/divine providence (15)]
 11983 | Orc:1    | Demolished by an orc wizard

Illustrated notes

Levels and vault maps discovered:
D:1:      evilmike_arrival_hilbert_curve, layout_loops_corners
D:2:      layout_basic, basic_ecumenical_altar
D:3:      layout_rooms, serial_shops, nicolae_shop_bloodbath_and_beyond
D:4:      layout_loops_ring, grunt_temple_overflow_open, serial_undead,
          serial_undead_a, serial_undead_c, serial_undead_e, serial_undead_a,
          grunt_ministairs_14
D:5:      layout_cave_pods, serial_shops, nicolae_shop_waterfront,
          hangedman_decor_slide_cut
D:6:      layout_basic, ebering_ghost_sewer_f
D:7:      layout_loops_corners, minmay_temple_entry_enclosed_plants,
          enter_ossuary_4, dk_noncrumbling_4, uniq_joseph
D:8:      layout_rooms, serial_shops, shop, uniq_grum
D:9:      cheibrodos_barr_body, layout_loops_ring, due_lair_maze_entry_diamond,
          david_orc_5
Temple:   nicolae_temple_bog_church
Orc:1:    layout_caves, hellmonk_bongcloud_opening

Skill      XL: |  1  2  3  4  5  6  7  8  9 10 |
---------------+-------------------------------+-----
Shields        | 4 5 6 7 |  7.4
Armour         | 4 5 6 8 10 11 | 11.0
Axes           | 4 |  4.6
Fighting       | 4 5 6 7 |  7.3
Throwing       | 1 |  1.7
Dodging        | 1 2 3 4 |  4.8
Short Blades   | 2 4 6 7 |  7.7
Stealth        | 1 2 |  2.6
Long Blades    | 1 |  1.5
Evocations     | 1 |  1.0

Action                   |  1- 3 |  4- 6 |  7- 9 | 10-12 || total
-------------------------+-------+-------+-------+-------++-------
Melee: War axe           |    56 |    18 |       |       ||    74
       Headbutt          |     5 |    24 |   113 |    14 ||   156
       Dagger            |       |   104 |   450 |    31 ||   585
       Unarmed           |       |       |     1 |       ||     1
       Long sword        |       |       |       |    46 ||    46
Throw: Dart              |    10 |     3 |     5 |       ||    18
Evoke: Wand              |       |     6 |     1 |     4 ||    11
  Use: Scroll            |     1 |     7 |     9 |     1 ||    18
       Potion            |     1 |     4 |     2 |     3 ||    10
 Stab: Invisible         |       |     1 |     1 |       ||     2
Armor: Scale mail        |    37 |    30 |       |       ||    67
       Chain mail        |       |    32 |   174 |    41 ||   247
Dodge: Dodged            |    30 |    61 |   139 |    37 ||   267
Block: Buckler           |    14 |    29 |    88 |    10 ||   141
       Tower shield      |       |       |       |    65 ||    65

Table legend: (Time is in decaauts)
 A = Elapsed time spent in this place.
 B = Non-inter-level travel time spent in this place.
 C = Inter-level travel time spent in this place.
 D = Time resting spent in this place.
 E = Time spent auto-exploring this place.
 F = Levels seen in this place.
 G = Mean time per level.
                   A        B        C        D        E       F      G
               +--------+--------+--------+--------+--------+-----+--------+
         Total |  11941 |  11936 |      5 |   2090 |      0 |  12 |  995.1 |
       Dungeon |  11599 |  11594 |      5 |   2090 |      0 |   9 | 1288.8 |
        Temple |    253 |    253 |      0 |      0 |      0 |   1 |  253.0 |
  Orcish Mines |     23 |     23 |      0 |      0 |      0 |   1 |   23.0 |
       Ossuary |     64 |     64 |      0 |      0 |      0 |   1 |   64.0 |
               +--------+--------+--------+--------+--------+-----+--------+

Top non-repeatable levels by time:
     D:7: 2205 daAuts
     D:5: 1667 daAuts
     D:4: 1455 daAuts
     D:1: 1453 daAuts
     D:3: 1242 daAuts
     D:8: 1168 daAuts
     D:2: 1139 daAuts
     D:6: 1023 daAuts
  Temple: 253 daAuts
     D:9: 244 daAuts
 Ossuary: 64 daAuts
   Orc:1: 23 daAuts
